 Dungeon Crawl Stone Soup version 0.23.2-40-g277498a001 (webtiles) character file.

Game seed: 10448818092350527816

3607 Emblim88 the Fighter (level 10, -2/90 HPs)
             Began as a Ghoul Fighter on Oct 8, 2019.
             Was a Priest of Qazlal.
             Slain by an orc warrior
             ... wielding a +0 short sword
              (10 damage)
             ... on level 8 of the Dungeon.
             The game lasted 00:32:32 (8695 turns).

Emblim88 the Fighter (Ghoul Fighter)                Turns: 8695, Time: 00:32:33

Health: -2/90      AC: 14    Str: 26    XL:     10   Next: 11%
Magic:  11/11      EV:  9    Int:  3    God:    Qazlal [***...]
Gold:   30         SH:  4    Dex: 14    Spells: 9/9 levels left

rFire    . . .     SeeInvis .   E - +5 hand axe of Tension {flame, rF- rC+ rN+ Dex+4}
rCold    + + .     Gourm    .   (no shield)
rNeg     + + +     Faith    .   G - +0 plate armour
rPois    ∞         Spirit   .   (no helmet)
rElec    .         Reflect  .   j - +0 cloak
rCorr    .         Harm     +   q - +0 pair of gloves
MR       .....                  (no boots)
Stlth    ..........             A - amulet of harm
HPRegen  0.00/turn              w - +4 ring of strength
MPRegen  0.12/turn              l - ring of protection from fire

@: rotting, slowed, very slow
A: rotting body, claws 1, carnivore, cold resistance 1, negative energy
resistance 3, inhibited regeneration, torment resistance, unbreathing
a: Upheaval, Elemental Force, Renounce Religion


You were on level 8 of the Dungeon.
You worshipped Qazlal.
Qazlal was most pleased with you.
You were not hungry.

You visited 1 branch of the dungeon, and saw 9 of its levels.

You collected 420 gold pieces.
You spent 390 gold pieces at shops.

Inventory:

Hand Weapons
 E - the +5 hand axe of Tension (weapon) {flame, rF- rC+ rN+ Dex+4}
   (You found it on level 5 of the Dungeon)

   It has been specially enchanted to burn those struck by it, causing extra
   injury to most foes and up to half again as much damage against particularly
   susceptible opponents.
   Big, fiery blades are also staple armaments of hydra-hunters.
   It affects your dexterity (+4).
   It makes you vulnerable to fire.
   It protects you from cold.
   It protects you from negative energy.
 N - the +0 triple crossbow "Erphiruwk" {freeze, rC+++ MP+9 Dex-4 Stlth+}
   (You bought it in a shop on level 5 of the Dungeon)

   It causes projectiles fired from it to freeze those they strike, causing
   extra injury to most foes and up to half again as much damage against
   particularly susceptible opponents.
   They can also slow down cold-blooded creatures.
   It affects your dexterity (-4).
   It renders you almost immune to cold.
   It affects your magic capacity (+9).
   It makes you more stealthy.
Missiles
 F - 14 bolts
 J - 14 poisoned needles
 M - 2 javelins of returning (quivered)
Armour
 b - a +0 shield
 j - a +0 cloak (worn)
 q - a +0 pair of gloves (worn)
 t - the +2 robe "Enucrobb" {rPois Regen+ Str-5, unknown}
   (You found it on level 8 of the Dungeon)

   It affects your strength (-5).
   It protects you from poison.
   It increases your rate of regeneration.
 G - a +0 plate armour (worn)
Jewellery
 l - a ring of protection from fire (right hand)
 m - an uncursed ring of protection from cold
 p - an uncursed ring of fire
 u - an uncursed ring of magical power
 w - a +4 ring of strength (left hand)
 A - an amulet of harm (around neck)
Wands
 c - a wand of iceblast (2)
 i - a wand of enslavement (1)
 v - a wand of polymorph (7)
Scrolls
 a - a scroll of fog
 f - 2 scrolls of magic mapping
 g - 6 scrolls of teleportation
 k - a scroll of vulnerability
 n - 2 scrolls of immolation
 o - 3 scrolls of remove curse
 r - 2 scrolls of blinking
 y - a scroll of fear
 C - 2 scrolls of amnesia
Potions
 e - a potion of degeneration
 h - a potion of berserk rage
 x - a potion of lignification
 z - a potion of haste {unknown}
 B - a potion of flight {unknown}
 D - 2 potions of resistance
 H - a potion of mutation {unknown}
 K - 2 potions of brilliance
Comestibles
 d - 12 rations


   Skills:
 * Level 8.7 Fighting
 * Level 5.1 Axes
 + Level 1.3 Crossbows
 + Level 5.3 Armour
 + Level 4.4 Dodging
 + Level 5.4 Shields
 - Level 4.9 Unarmed Combat
 * Level 3.8 Invocations


You had 9 spell levels left.
You didn't know any spells.
Your spell library contained the following spells:

 Spells                   Type           Power        Failure   Level  Hunger
 Animate Skeleton         Necr           N/A          100%        1    ##.....
 Apportation              Tloc           #.....       100%        1    ##.....
 Confusing Touch          Hex            #.....       100%        1    ##.....
 Corona                   Hex            #......      100%        1    ##.....
 Summon Small Mammal      Summ           #...         100%        1    ##.....
 Ensorcelled Hibernation  Hex/Ice        #.....       100%        2    ###....
 Confuse                  Hex            #.......     100%        3    ####...
 Dazzling Spray           Conj/Hex       #.....       100%        3    ####...
 Tukima's Dance           Hex            #.......     100%        3    ####...


Dungeon Overview and Level Annotations

Branches:
Dungeon (9/15)             Temple (0/1) D:5
   Lair: D:8-11         Orc: D:9-12

Altars:
Cheibriados
Elyvilon
Kikubaaqudgha
Qazlal
Uskayaw
Vehumet
Wu Jian
Xom
Zin

Shops:
D:4 !   D:5 !}*(

Annotations:
D:8 1 runed translucent door, WisperLight's ghost, novice HOFi


Innate Abilities, Weirdness & Mutations

Your body is rotting away.
You thrive on raw meat.
You are immune to poison.
You have sharp fingernails.
You are carnivorous and can eat meat at any time.
Your flesh is cold resistant. (rC+)
You are immune to negative energy. (rN+++)
You do not regenerate when monsters are visible.
You are immune to unholy pain and torment.
You can survive without breathing.


Message History

The orc wizard seems to speed up.
You hit the bullfrog skeleton. You burn the bullfrog skeleton.
You destroy the bullfrog skeleton!
Qazlal accepts your kill.
You barely miss the orc warrior.
The orc warrior zaps a wand.
The bolt of acid hits you!
You are splashed with acid!
* * * LOW HITPOINT WARNING * * *
The orc wizard hits you but does no damage.
You feel better. The orc warrior barely misses you.
The orc wizard points at you and mumbles some strange words.
The puff of flame hits you!
* * * LOW HITPOINT WARNING * * *
The orc warrior zaps a wand.
The bolt of acid hits you.
* * * LOW HITPOINT WARNING * * *
You are splashed with acid!
* * * LOW HITPOINT WARNING * * *
You eat one of the 13 rations.
That ration really hit the spot!
The orc wizard hits you but does no damage.
The orc warrior hits you with a +0 short sword!
You die...

*########.#*,**,*,,,,,##,*,**
#############.##.#*,*,,,,,'..,,*
#..............#.#*,*,,,,,**#.,*
#.###########..#.##.*,,,,.###..##
....................',,,,.......)
#.########.##..#.####,,...#.#...#
#.# #.##..#.# *,....#.#...* #.#
#.....#.# *,..........#
#.############.#@######..........
...............o○o...(....#.#.#.#
...............(o.......#.#.#.#.#
#.############.#..............#.#
#.############.......(<..........
#...........####............###.#
#...........# #............# #.#
............# #............# #.#
†...........# #............###.#


You could see an orc warrior and 2 orc wizards.

Vanquished Creatures
  A two-headed ogre (D:8)
  Maurice (D:8)
  A hippogriff (D:7)
  A wraith (D:8)
  A hungry ghost (D:7)
  Duvessa (D:7)
  A water moccasin (D:6)
  2 orc warriors (D:8)
  3 ice beasts
  2 sky beasts
  A centaur (D:8)
  An ogre (D:4)
  A big kobold (D:9)
  Dowan (D:7)
  2 scorpions
  2 jellies
  2 crimson imps
  5 hounds
  5 orc wizards
  An orc priest (D:8)
  A bullfrog skeleton (D:8)
  A centaur skeleton (D:5)
  4 iguanas
  5 worker ants
  3 hound skeletons
  2 worker ant zombies
  3 gnolls (D:7)
  6 adders
  An ooze (D:2)
  5 worms
  3 dart slugs
  A leopard gecko (D:4)
  11 orcs
  6 giant cockroaches
  A goblin (D:2)
  9 hobgoblins
  2 jackals (D:6)
  4 quokkas
  6 frilled lizards
  A jackal skeleton (D:6)
  11 kobolds
  3 quokka skeletons
  5 rats
129 creatures vanquished.

Notes
Turn   | Place    | Note
-------+----------+-------------------------------------------
     0 | D:1      | Emblim88 the Ghoul Fighter began the quest for the Orb.
     0 | D:1      | Reached XP level 1. HP: 19/19 MP: 0/0
   179 | D:1      | You fall through a shaft!
   192 | D:2      | Reached XP level 2. HP: 9/26 MP: 1/1
   532 | D:2      | Found a stormy altar of Qazlal.
   602 | D:2      | Became a worshipper of Qazlal Stormbringer
   702 | D:1      | Reached XP level 3. HP: 30/33 MP: 2/2
  1557 | D:2      | Reached skill level 4 in Fighting
  1971 | D:3      | Reached XP level 4. HP: 31/40 MP: 3/3
  2048 | D:3      | Reached * piety under Qazlal
  2048 | D:3      | Reached skill level 1 in Dodging
  2370 | D:3      | Found a snail-covered altar of Cheibriados.
  2515 | D:3      | Reached XP level 5. HP: 47/47 MP: 4/4
  2821 | D:4      | Found a transporter.
  2864 | D:4      | Found Geass's Distillery.
  3020 | D:4      | Found a transporter.
  3232 | D:4      | Noticed an ogre
  3239 | D:4      | Killed an ogre
  3239 | D:4      | Reached XP level 6. HP: 10/53 MP: 5/5
  3547 | D:4      | Found a radiant altar of Vehumet.
  3999 | D:5      | Entered Level 5 of the Dungeon
  4039 | D:5      | Found Ibbeluzu's Antique Weapon Shop.
  4044 | D:5      | Noticed a sky beast
  4060 | D:5      | Killed a sky beast
  4060 | D:5      | Reached skill level 5 in Fighting
  4093 | D:5      | Found a hide-covered altar of Uskayaw.
  4159 | D:5      | Found an ancient bone altar of Kikubaaqudgha.
  4192 | D:5      | Found Fusuysan's Gadget Emporium.
  4224 | D:5      | Found a staircase to the Ecumenical Temple.
  4255 | D:5      | Found a white marble altar of Elyvilon.
  4312 | D:5      | Found Soreug's Distillery.
  4342 | D:5      | Found Suotusyi's General Store.
  4611 | D:5      | Reached XP level 7. HP: 61/61 MP: 6/6
  5086 | D:5      | Got a jewelled hand axe
  5097 | D:5      | Identified the +5 hand axe of Tension {flame, rF- rC+ rN+
                  | Dex+4} (You found it on level 5 of the Dungeon)
  5400 | D:6      | Reached ** piety under Qazlal
  5480 | D:6      | You fall through a shaft for 3 floors!
  5503 | D:9      | Reached skill level 6 in Fighting
  5503 | D:9      | Reached skill level 1 in Axes
  5503 | D:9      | Reached XP level 8. HP: 50/68 MP: 7/7
  5561 | D:9      | Found an ornate altar of the Wu Jian Council.
  5738 | D:9      | Found a glowing silver altar of Zin.
  5753 | D:8      | Noticed Maurice
  5782 | D:8      | Killed Maurice
  5813 | D:8      | Noticed a wraith
  5826 | D:8      | Killed a wraith
  5826 | D:8      | Reached skill level 7 in Fighting
  5837 | D:8      | Found a runed translucent door.
  5837 | D:8      | Found a shimmering altar of Xom.
  5837 | D:8      | Noticed WisperLight's ghost (novice HOFi)
  5837 | D:8      | Noticed a +2 whip of chaos
  6026 | D:7      | Reached XP level 9. HP: 75/76 MP: 8/8
  7155 | D:7      | Noticed Duvessa
  7155 | D:7      | Noticed Dowan
  7172 | D:7      | Killed Duvessa
  7179 | D:7      | Killed Dowan
  7330 | D:7      | Reached skill level 1 in Invocations
  8027 | D:7      | Reached *** piety under Qazlal
  8032 | D:7      | Reached skill level 8 in Fighting
  8035 | D:7      | Reached skill level 5 in Armour
  8035 | D:7      | Reached skill level 5 in Shields
  8147 | D:5      | Bought a slimy triple crossbow for 390 gold pieces
  8152 | D:5      | Identified the cursed +0 triple crossbow "Erphiruwk"
                  | {freeze, rC+++ MP+9 Dex-4 Stlth+} (You bought it in a shop
                  | on level 5 of the Dungeon)
  8406 | D:8      | Noticed a two-headed ogre
  8424 | D:8      | Killed a two-headed ogre
  8424 | D:8      | Reached skill level 5 in Axes
  8424 | D:8      | Reached skill level 1 in Crossbows
  8424 | D:8      | Reached XP level 10. HP: 54/89 MP: 11/11
  8593 | D:8      | Got a fine robe
  8695 | D:8      | Slain by an orc warrior

Skill      XL: |  1  2  3  4  5  6  7  8  9 |
---------------+----------------------------+-----
Fighting       | 4 5 6 7 8 |  8.7
Shields        | 3 4 5 |  5.4
Unarmed Combat | 3 4 |  4.9
Dodging        | 1 2 3 4 |  4.4
Armour         | 3 4 5 |  5.3
Axes           | 1 3 5 |  5.1
Invocations    | 3 |  3.8
Crossbows      | 1 |  1.3

Action                   |  1- 3 |  4- 6 |  7- 9 | 10-12 || total
-------------------------+-------+-------+-------+-------++-------
Melee: Unarmed           |   189 |   123 |    28 |       ||   340
       Hand axe          |       |       |   154 |     6 ||   160
 Fire: Triple crossbow   |       |       |    15 |     6 ||    21
Evoke: Wand              |       |       |     4 |       ||     4
  Use: Scroll            |       |     8 |     7 |       ||    15
       Potion            |       |     3 |     4 |     1 ||     8
  Eat: Chunk             |     4 |    10 |    11 |     1 ||    26
       Ration            |     1 |       |       |     1 ||     2
Armor: Scale mail        |    54 |    32 |     5 |       ||    91
       Plate armour      |       |       |    92 |     6 ||    98
Dodge: Dodged            |    50 |    34 |    57 |     4 ||   145
Block: Shield            |    47 |    55 |   123 |       ||   225
       Other             |       |       |     3 |     2 ||     5
